 Dungeon Crawl Stone Soup version 0.29-a0-1033-gb6c65ffae6 (webtiles) character file.

Game seed: 4021600697536894913

1519 polve the Fighter (level 8, -4/47 HPs)
             Began as a Vine Stalker Fighter on Aug 14, 2022.
             Slain by a killer bee (6 damage)
             ... on level 9 of the Dungeon.
             The game lasted 00:05:18 (5398 turns).

polve the Fighter (Vine Stalker Fighter)            Turns: 5398, Time: 00:05:19

Health: -4/47      AC:  8    Str: 22    XL:     8   Next: 84%
Magic:  0/9        EV:  9    Int:  8    God:
Gold:   449        SH:  7    Dex: 13    Spells: 7/7 levels left

rFire   . . .      SeeInvis .   a - +0 rapier
rCold   . . .      Faith    .   m - +2 buckler
rNeg    . . .      Spirit   +   b - +0 scale mail
rPois   .          Reflect  .   (no helmet)
rElec   .          Harm     .   u - +0 cloak
rCorr   .          Rampage  .   (no gloves)
Will    +....                   (no boots)
Stlth   ..........              (no amulet)
HPRegen 0.95/turn               g - +4 ring of slaying
MPRegen 0.11/turn               (no ring)

@: lethally poisoned (-4 -> -4), about to teleport, hasted, very quick
A: fangs 3, regeneration 1, magic shield, antimagic bite, no potion heal 2
a: no special abilities


You were on level 9 of the Dungeon.
You visited 2 branches of the dungeon, and saw 8 of its levels.
You also visited: Ossuary.

You collected 449 gold pieces.

Inventory:

Hand Weapons
 a - a +0 rapier (weapon)
 r - a +2 dagger of holy wrath
Armour
 b - a +0 scale mail (worn)
 m - a +2 buckler (worn)
 u - a +0 cloak (worn)
Jewellery
 g - a +4 ring of slaying (left hand)
 x - a ring of fire
 y - an amulet of reflection
Wands
 s - a wand of paralysis (1)
 C - a wand of digging (2)
Scrolls
 e - 3 scrolls of blinking {unknown}
 h - 3 scrolls of immolation {unknown}
 i - a scroll of magic mapping {unknown}
 j - 2 scrolls of fear {unknown}
 k - 3 scrolls of amnesia {unknown}
 l - 2 scrolls of poison {unknown}
 n - 3 scrolls of enchant armour {unknown}
 q - 8 scrolls of identify
 v - 2 scrolls of teleportation
 w - 3 scrolls of noise {unknown}
 D - a scroll of butterflies {unknown}
Potions
 c - 2 potions of flight {unknown}
 d - a potion of berserk rage {unknown}
 f - 4 potions of haste
 o - 3 potions of lignification {unknown}
 p - a potion of attraction {unknown}
 t - 3 potions of heal wounds {unknown}
 z - a potion of mutation {unknown}
 A - a potion of curing
 B - a potion of brilliance {unknown}


   Skills:
 - Level 8.0 Fighting
 - Level 4.0 Short Blades
 + Level 4.1 Armour
 + Level 4.5 Shields


You had 7 spell levels left.
You didn't know any spells.
Your spell library contained the following spells:

 Spells                   Type           Power      Damage    Failure   Level
 Apportation              Tloc           0%         N/A       82%         1
 Freeze                   Ice            0%         1d3       82%         1
 Frozen Ramparts          Ice            0%         1d1       99%         3
 Ignite Poison            Fire/Tmut/Pois 0%         N/A       99%         3
 Mephitic Cloud           Conj/Pois/Air  0%         N/A       99%         3
 Hailstorm                Conj/Ice       0%         3d3       100%        4
 Alistair's Intoxication  Tmut/Pois      0%         N/A       100%        5
 Freezing Cloud           Conj/Ice/Air   0%         6-21      100%        5


Dungeon Overview and Level Annotations

Branches:
Dungeon (6/15)             Temple (1/1) D:5         Ossuary (visited)

Altars:
Ashenzari
Cheibriados
Dithmenos
Elyvilon
Fedhas
Gozag
Kikubaaqudgha
Makhleb
Qazlal
Ru
Sif Muna
Trog
Uskayaw
Vehumet
Wu Jian
Yredelemnul
The Shining One


Innate Abilities, Weirdness & Mutations

You have razor-sharp teeth.
Your natural rate of healing is unusually fast.
When hurt, damage is shared between your health and your magic reserves.
Your bite disrupts and absorbs the magic of your enemies.
Potions cannot restore your health.


Message History

The killer bee stings you.
* * * LOW HITPOINT WARNING * * *
The killer bee stings you but does no damage.
You hit the killer bee. Your bite misses the killer bee.
The killer bee is heavily wounded.
You block the killer bee's attack.
The killer bee stings you but does no damage.
You block the killer bee's attack.
You hit the killer bee. Your bite misses the killer bee.
The killer bee is almost dead.
The killer bee closely misses you. The killer bee stings you.
* * * LOW HITPOINT WARNING * * *
The killer bee closely misses you. You block the killer bee's attack.
The killer bee stings you but does no damage.
The killer bee stings you.
* * * LOW HITPOINT WARNING * * *
As you read the scroll labelled FUPNESEOXI, it crumbles to dust.
It is a scroll of identify.
v - 3 scrolls of teleportation You block the killer bee's attack.
The killer bee stings you but does no damage.
The killer bee closely misses you.
As you read the scroll of teleportation, it crumbles to dust.
You feel strangely unstable. The killer bee stings you.
* * * LOW HITPOINT WARNING * * *
You are poisoned.
The killer bee poisons you! The killer bee closely misses you.
You block the killer bee's attack.
The killer bee attacks as you move away!
The killer bee completely misses you.
You feel sick. You block the killer bee's attack. x2
The killer bee stings you but does no damage.
The killer bee closely misses you.
The killer bee attacks as you move away!
The killer bee barely misses you.
You feel sick.
You feel sick. The killer bee closely misses you.
The killer bee barely misses you.
The killer bee stings you but does no damage.
The killer bee stings you.
You die...

#...######
#....#...##
###.........##
####............#
#...............#
.#............####
.............##
##...........##
#.........##@##
......#.....yyy#
.....####....y.#
...........#))##
...........#y####
..........##....###
..................#
.............#....#
........y#...###.##


You could see 5 killer bees.

Vanquished Creatures
  Sigmund (D:2)
  A water moccasin (D:5)
  2 black bears (D:5)
  An ice beast (D:5)
  A centaur (D:5)
  A kobold brigand (D:9)
  2 scorpions (D:5)
  2 necrophages (D:4)
  A killer bee (D:9)
  A howler monkey (D:5)
  4 hounds
  An orc priest (D:5)
  2 jellies (D:5)
  Ijyb (D:3)
  9 mummies
  6 adders
  A white imp (D:4)
  An ufetubus (D:5)
  A worm (D:4)
  A dart slug (D:2)
  3 orcs
  6 endoplasms
  5 giant cockroaches
  2 gnoll zombies (Ossuary)
  9 goblins
  6 hobgoblins
  10 kobolds
  A quokka (D:4)
  9 ball pythons
  7 bats
  4 frilled lizards
  A goblin zombie (D:4)
  3 kobold zombies
  4 orc zombies (Ossuary)
  7 rats
117 creatures vanquished.

Vanquished Creatures (others)
  5 plants (D:5)
5 creatures vanquished.

Grand Total: 122 creatures vanquished

Notes
Turn   | Place    | Note
-------+----------+-------------------------------------------
     0 | D:1      | polve the Vine Stalker Fighter began the quest for the Orb.
     0 | D:1      | Reached XP level 1. HP: 11/11 MP: 2/2
   183 | D:1      | Reached XP level 2. HP: 8/16 MP: 0/3
  1256 | D:2      | Reached XP level 3. HP: 19/19 MP: 4/4
  1313 | D:2      | Identified the +0 robe of Wu Jian's Vengeance {rElec rCorr
                  | Dex+4 Slay+2}
  2121 | D:2      | Noticed Sigmund
  2135 | D:2      | Killed Sigmund
  2136 | D:2      | Reached skill level 4 in Fighting
  2136 | D:2      | Gained mutation: Your natural rate of healing is unusually
                  | fast. [Vine Stalker growth]
  2136 | D:2      | Reached XP level 4. HP: 8/26 MP: 0/5
  2136 | D:2      | Reached XP level 5. HP: 9/30 MP: 0/6
  2459 | D:3      | Reached XP level 6. HP: 34/34 MP: 7/7
  2466 | D:3      | Found a shadowy altar of Dithmenos.
  2567 | D:3      | Noticed Ijyb
  2583 | D:3      | Paralysed by Ijyb for 5 turns
  2588 | D:3      | Killed Ijyb
  2648 | D:3      | Found a faded altar of an unknown god.
  2811 | D:3      | Found a glowing golden altar of the Shining One.
  3092 | D:4      | Found a radiant altar of Vehumet.
  3113 | D:4      | Reached skill level 5 in Fighting
  3236 | D:4      | Reached XP level 7. HP: 36/39 MP: 5/8
  3438 | D:4      | Found a sand-covered staircase.
  3442 | D:4      | Reached skill level 6 in Fighting
  3444 | Ossuary  | Entered an ossuary
  4188 | D:5      | Entered Level 5 of the Dungeon
  4301 | D:5      | Reached skill level 7 in Fighting
  4397 | D:5      | Gained mutation: You have razor-sharp teeth. [Vine Stalker
                  | growth]
  4397 | D:5      | Reached XP level 8. HP: 42/47 MP: 9/9
  4424 | D:5      | Reached skill level 8 in Fighting
  4691 | D:5      | Found a staircase to the Ecumenical Temple.
  4730 | Temple   | Entered the Ecumenical Temple
  5319 | D:6      | You fall into a shaft and drop 3 floors!
  5397 | D:9      | HP: 2/47 [poisoned by a killer bee]
  5398 | D:9      | Slain by a killer bee

Illustrated notes

Levels and vault maps discovered:
D:1:      heliophobic_arrival_henge, layout_basic
D:2:      layout_loops_ring, uniq_sigmund
D:3:      layout_rooms, mainiacjoe_overflow_cross_hatched,
          mainiacjoe_overflow_brackets, basic_ecumenical_altar, uniq_ijyb
D:4:      layout_basic, mainiacjoe_overflow_paths, nicolae_ossuary_entry_giza
D:5:      minmay_thick_lines, layout_basic, minmay_temple_entry_gardened_gates
D:6:      layout_layer_cave
D:9:      layout_cave_pools, serial_gnoll_camp, gnoll_camp_mini_doghouse,
          gnoll_camp_mini_house, gnoll_camp_mini_hut, gnoll_camp_mini_hut,
          gnoll_camp_mini_house, gnoll_camp_mini_basic, minivault_12
Temple:   nicolae_temple_ecumenical_triangle

Skill      XL: |  1  2  3  4  5  6  7  8 |
---------------+-------------------------+-----
Short Blades   | 2 3 4 |  4.0
Fighting       | 4 5 7 8 |  8.0
Shields        | 4 |  4.5
Armour         | 4 |  4.1

Action                   |  1- 3 |  4- 6 |  7- 9 || total
-------------------------+-------+-------+-------++-------
Melee: Rapier            |   101 |    81 |   153 ||   335
       Bite              |    25 |    22 |    50 ||    97
  Use: Potion            |     2 |       |     4 ||     6
       Scroll            |       |       |     2 ||     2
Armor: Scale mail        |    37 |    19 |    81 ||   137
Dodge: Dodged            |    43 |    37 |    73 ||   153
Block: Buckler           |    26 |    27 |    56 ||   109

Table legend: (Time is in decaauts)
 A = Elapsed time spent in this place.
 B = Non-inter-level travel time spent in this place.
 C = Inter-level travel time spent in this place.
 D = Time resting spent in this place.
 E = Time spent auto-exploring this place.
 F = Levels seen in this place.
 G = Mean time per level.
                   A        B        C        D        E       F      G
               +--------+--------+--------+--------+--------+-----+--------+
         Total |   5410 |   5296 |    114 |      0 |   4482 |   9 |  601.1 |
       Dungeon |   5123 |   5020 |    103 |      0 |   4289 |   7 |  731.9 |
        Temple |     45 |     35 |     10 |      0 |     31 |   1 |   45.0 |
       Ossuary |    242 |    242 |      0 |      0 |    162 |   1 |  242.0 |
               +--------+--------+--------+--------+--------+-----+--------+

Top non-repeatable levels by time:
     D:1: 1258 daAuts
     D:2: 1200 daAuts
     D:5: 1087 daAuts
     D:4: 859 daAuts
     D:3: 642 daAuts
 Ossuary: 242 daAuts
     D:9: 73 daAuts
  Temple: 45 daAuts
